AoeStats
← dankalashnikov

Black Forest

508571834Analyzed
4v4 RM · 9d ago on Sep 23, 2026· 52m 34s· 8 players
Game mode
Random Map
Map size
Large (8 player)
Population
200
Speed
Normal
Resources
Standard
Victory
Conquest
Starting age
Dark Age
Ending age
Imperial Age
RankedLock teamsTeams togetherTeam positionsShared explorationLock speedFull tech treeHidden civsTurbo modeCheats
Victory
Defeat
🇺🇸 Bohemians · United States
580
+12
🇺🇸 Franks · United States
579
+12
🇺🇸 Burgundians · United States
571
+12
🇺🇸 Spanish · United States
511
+16
🇺🇸 Malians · United States
809
-74
🇺🇸 Japanese · United States
457
-12
🇺🇸 Italians · United States
407
-10
🇺🇸 Celts · United States
298
-6
Bad Bradley B
13:23 Feudal Age
14:15 Double-Bit Axe
14:18 Horse Collar
17:23 Wheelbarrow
17:40 Wheelbarrow
23:12 Castle Age
21:14 Gold Mining
21:14 Stone Mining
23:26 Stone Mining
24:56 Hand Cart
25:11 Bow Saw
25:28 Heavy Plow
28:01 Squires
29:03 Gold Shaft Mining
28:41 Gambesons
29:02 Scale Mail Armor
29:13 Forging
30:06 Chain Mail Armor
31:46 Caravan
33:45 Iron Casting
38:05 Imperial Age
38:09 Elite Samurai
42:02 Conscription
45:14 Kataparuto
48:04 Blast Furnace
47:34 Plate Mail Armor
BeeSneezes
0:56 Loom
23:40 Feudal Age
24:17 Double-Bit Axe
28:59 Wheelbarrow
28:13 Town Watch
28:13 Horse Collar
38:30 Castle Age
37:47 Gold Mining
37:50 Stone Mining
41:27 Fletching
41:55 Hand Cart
41:42 Town Patrol
42:54 Husbandry
42:24 Light Cavalry
43:43 Stronghold
44:13 Caravan
45:05 Elite Skirmisher
48:51 Imperial Age
47:14 Forging
47:07 Scale Mail Armor
12ozPapa
3:09 Loom
18:05 Feudal Age
20:22 Horse Collar
20:33 Double-Bit Axe
20:42 Gold Mining
20:42 Stone Mining
21:37 Town Watch
23:36 Wheelbarrow
24:51 Fletching
25:11 Forging
25:06 Padded Archer Armor
25:26 Scale Mail Armor
25:41 Arson
29:30 Bloodlines
36:35 Castle Age
37:21 Heavy Plow
37:58 Stone Shaft Mining
37:37 Bow Saw
37:34 Caravan
37:44 Squires
38:03 Pikeman
38:57 Husbandry
38:18 Light Cavalry
38:21 Elite Skirmisher
39:35 Coinage
40:47 Town Patrol
41:02 Hand Cart
43:02 Bodkin Arrow
43:23 Leather Archer Armor
43:47 Iron Casting
43:27 Chain Mail Armor
43:14 Guard Tower
43:45 Ballistics
43:06 Treadmill Crane
45:03 Murder Holes
45:19 Fortified Wall
45:20 Masonry
46:15 Thumb Ring
48:58 Silk Road
55:18 Imperial Age
dankalashnikov
13:44 Feudal Age
15:08 Wheelbarrow
14:56 Double-Bit Axe
15:45 Horse Collar
21:18 Castle Age
21:28 Stone Mining
21:29 Gold Mining
21:33 Fletching
21:45 Padded Archer Armor
21:56 Forging
21:47 Scale Mail Armor
24:32 Heavy Plow
24:46 Bow Saw
26:43 Man-at-Arms
27:55 Crossbowman
29:43 Gold Shaft Mining
30:24 Caravan
30:22 Long Swordsman
32:13 Thumb Ring
32:07 Elite Skirmisher
34:10 Hand Cart
34:02 Loom
37:13 Imperial Age
35:35 Bodkin Arrow
35:55 Leather Archer Armor
36:33 Ballistics
36:09 Heated Shot
36:31 Tigui
36:47 Squires
36:33 Arson
37:28 Iron Casting
36:59 Scale Barding Armor
37:51 Town Watch
37:31 Arbalester
38:12 Treadmill Crane
38:30 Murder Holes
40:58 Masonry
41:32 Stone Shaft Mining
43:41 Chemistry
43:54 Elite Gbeto
44:57 Conscription
44:38 Farimba
44:24 Capped Ram
PREZ WAY
14:41 Feudal Age
15:35 Double-Bit Axe
17:16 Loom
18:13 Scale Barding Armor
18:09 Scale Mail Armor
22:02 Castle Age
24:44 Chain Barding Armor
28:24 Wheelbarrow
28:23 Ballistics
29:37 Bow Saw
32:44 Imperial Age
32:16 Husbandry
32:39 Chain Mail Armor
35:22 Chemistry
35:00 Plate Barding Armor
34:56 Plate Mail Armor
38:08 Cavalier
38:52 Padded Archer Armor
38:43 Fletching
39:03 Forging
39:39 Hand Cart
39:28 Gold Mining
39:29 Stone Mining
40:49 Paladin
41:48 Leather Archer Armor
41:29 Bodkin Arrow
42:09 Iron Casting
42:43 Chivalry
42:06 Ordonnance Companies
45:22 Blast Furnace
46:14 Gold Shaft Mining
45:52 Caravan
48:28 Onager
ThaWooDoctor
10:04 Loom
10:40 Double-Bit Axe
10:36 Horse Collar
13:01 Feudal Age
13:42 Heavy Plow
13:53 Bow Saw
13:45 Gold Mining
16:45 Gold Shaft Mining
22:16 Castle Age
23:01 Cavalier
23:44 Husbandry
25:13 Crop Rotation
24:15 Pikeman
24:21 Pikeman
28:51 Two-Man Saw
29:09 Wheelbarrow
29:32 Stone Mining
29:51 Scale Barding Armor
29:47 Scale Mail Armor
29:57 Forging
30:42 Hand Cart
32:51 Squires
33:13 Chain Barding Armor
33:09 Chain Mail Armor
37:04 Imperial Age
35:38 Caravan
36:37 Burgundian Vineyards
37:46 Guilds
38:51 Chemistry
37:32 Treadmill Crane
37:41 Paladin
37:45 Halberdier
38:12 Arson
39:05 Plate Barding Armor
39:18 Stone Shaft Mining
39:17 Conscription
39:34 Ballistics
39:12 Murder Holes
39:31 Fortified Wall
40:29 Plate Mail Armor
40:34 Iron Casting
39:59 Padded Archer Armor
43:28 Blast Furnace
43:19 Elite Skirmisher
45:00 Leather Archer Armor
44:43 Onager
Big Hoovey
11:14 Feudal Age
11:43 Horse Collar
13:38 Wheelbarrow
14:04 Double-Bit Axe
14:36 Loom
18:47 Castle Age
21:46 Heavy Plow
24:59 Hand Cart
28:45 Chemistry
32:15 Town Watch
36:01 Imperial Age
35:01 Ballistics
34:52 Scale Barding Armor
35:00 Forging
34:40 Fletching
34:50 Padded Archer Armor
34:51 Scale Mail Armor
35:02 Pikeman
35:46 Squires
36:28 Caravan
37:08 Bow Saw
39:13 Houfnice
39:58 Town Patrol
40:22 Chain Barding Armor
40:17 Chain Mail Armor
40:37 Iron Casting
43:31 Conscription
43:21 Wagenburg Tactics
43:51 Halberdier
44:19 Arson
45:37 Plate Mail Armor
45:43 Iron Casting
45:03 Bodkin Arrow
45:23 Leather Archer Armor
45:21 Siege Engineers
46:04 Murder Holes
47:23 Two-Man Saw
trevonathon
14:12 Feudal Age
15:25 Double-Bit Axe
17:28 Horse Collar
21:23 Man-at-Arms
35:46 Castle Age
36:19 Forging
36:10 Scale Mail Armor
37:31 Long Swordsman
37:57 Gambesons
38:04 Gambesons
38:50 Squires
39:59 Wheelbarrow
42:34 Hand Cart
43:52 Caravan
48:01 Devotion
50:27 Coinage
53:11 Imperial Age
Connection lost

Rejoining the realm…

Still unreachable

The connection could not be restored.

Session expired

The server has moved on; the page needs a fresh start.